 Dungeon Crawl Stone Soup version 0.30.1-9-gdf580d7c3d (webtiles) character file.

Game seed: 5690921226444954640

47 booth the Chopper (level 3, -1/33 HPs)
             Began as a Hill Orc Monk on Sept 24, 2023.
             Slain by Robin
             ... wielding a +0 trident
              (4 damage)
             ... on level 2 of the Dungeon.
             The game lasted 00:06:56 (1556 turns).

booth the Chopper (Hill Orc Monk)                   Turns: 1556, Time: 00:06:57

Health: -1/33      AC:  4    Str: 15    XL:     3   Next: 70%
Magic:  3/3        EV: 12    Int: 10    God:
Gold:   104        SH:  0    Dex: 13    Spells: 2/2 levels left

rFire   . . .        a - +0 hand axe
rCold   . . .        d - orb {light}
rNeg    . . .        l - +0 leather armour
rPois   .            (no helmet)
rElec   .            (no cloak)
rCorr   .            (no gloves)
SInv    .            k - +0 pair of boots
Will    .....        (no amulet)
Stlth   +            (no ring)
HPRegen 0.25/turn    (no ring)
MPRegen 0.08/turn

%: no passive effects
@: glowing
A: no striking features
a: no special abilities


You were on level 2 of the Dungeon.
You visited 1 branch of the dungeon, and saw 3 of its levels.

You collected 104 gold pieces.

Inventory:

Hand Weapons
 a - a +0 hand axe (weapon)
 f - a +2 heavy mace
 h - a +0 mace
Armour
 d - an orb of light (worn)
 k - a +0 pair of boots (worn)
 l - a +0 leather armour (worn)
 o - a +0 ring mail
Wands
 j - a wand of paralysis (10)
Scrolls
 n - 2 scrolls of amnesia {unknown}
Potions
 b - a potion of degeneration {unknown}
 c - a potion of ambrosia
 e - a potion of haste {unknown}
 g - a potion of lignification {unknown}
 i - a potion of might {unknown}
 m - a potion of flight


   Skills:
 + Level 4.1 Fighting
 * Level 5.1 Axes
 + Level 2.8 Dodging


You had 2 spell levels left.
You didn't know any spells.
Your spell library was empty.

Dungeon Overview and Level Annotations

Branches:
Dungeon (3/15)

Altars:

Annotations:
D:2 Robin


Message History

You barely miss the goblin. The goblin hits you but does no damage.
You closely miss the goblin.
The goblin no longer looks unusually strong.
The goblin hits you with a +0 dagger.
You slash the goblin!
You kill the goblin!
The goblin no longer looks unusually strong.
You hit the goblin.
You kill the goblin!
You barely miss the goblin. The goblin barely misses you.
Robin hits you from afar with a +0 trident.
You hit the goblin.
The goblin is moderately wounded.
The goblin hits you but does no damage. Robin misses you.
You hit the goblin but do no damage.
The goblin is moderately wounded.
The goblin hits you with a +0 club.
Robin roars a battlecry!
The goblin goes into a battle-frenzy!
You barely miss the goblin.
The goblin is moderately wounded.
The goblin hits you but does no damage. Robin hits you but does no damage.
You barely miss the goblin.
The goblin is moderately wounded.
The goblin barely misses you. Robin throws the goblin at you!
The goblin closely misses you.
You closely miss the goblin.
The goblin is moderately wounded.
You hit the goblin.
You kill the goblin!
The goblin closely misses you.
Robin hits you from afar with a +0 trident.
* * * LOW HITPOINT WARNING * * *
Items here: ! ))) ? †.
You barely miss the goblin.
The goblin is moderately wounded.
The goblin hits you with a +0 club.
* * * LOW HITPOINT WARNING * * *
Robin hits you from afar with a +0 trident.
You die...

############################
...........................#
######...#################.#
......................# #.#
##.#.#...############.# #.#
##.#.........# #.# #.#
##.#...)...#.########.# #.#
.....(........gg@....># #.#
.#.#.###......#######.# #.#
.#.#.# #......######..####.#
.#.#.# #......+..........#.#
.#.#.# #......####..#.##.#.#
.#.#.# #............#....#.#
.#.#.#.#.#########..#..###.#
.>.#.#.#.#..........#....#.#
#.#.#..#####.#.#[##.#.#


You could see Robin and a goblin (strong).

Vanquished Creatures
  An adder (D:2)
  A worm (D:2)
  A dart slug (D:1)
  4 endoplasms
  A giant cockroach (D:2)
  12 goblins
  2 hobgoblins (D:2)
  A quokka (D:1)
  4 kobolds
  3 rats (D:1)
30 creatures vanquished.

Notes
Turn   | Place    | Note
-------+----------+-------------------------------------------
     0 | D:1      | booth the Hill Orc Monk began the quest for the Orb.
     0 | D:1      | Reached XP level 1. HP: 19/19 MP: 1/1
    27 | D:1      | Found a faded altar of an unknown god.
    27 | D:1      | Noticed an iron imp
   332 | D:1      | Reached XP level 2. HP: 27/27 MP: 2/2
  1317 | D:2      | Reached XP level 3. HP: 31/33 MP: 3/3
  1461 | D:2      | Reached skill level 5 in Axes
  1472 | D:2      | You fall into a shaft and drop 1 floor!
  1523 | D:2      | Noticed Robin
  1556 | D:2      | Slain by Robin

Illustrated notes

Levels and vault maps discovered:
D:1:      mrwooster_arrival_statue, layout_basic,
          dreamdust_ecumenical_altar_sealed_demon
D:2:      layout_basic, uniq_crazy_yiuf_cottage, uniq_robin
D:3:      layout_basic, mainiacjoe_overflow_surrounded_room,
          minmay_misc_feat_tower

Skill      XL: |  1  2  3 |
---------------+----------+-----
Fighting       | 4 |  4.1
Axes           | 5 |  5.1
Dodging        | |  2.8

Action                     || total
---------------------------++-------
  Melee: Hand axe          ||    82
    Use: Scroll            ||     2
         Potion            ||     1
 Armour: Robe              ||     4
         Leather armour    ||    18
  Dodge: Dodged            ||    37
